 Dungeon Crawl Stone Soup version 0.26-a0-651-gb41185065b (webtiles) character file.

Game seed: 13166282335183236472

469 Lanoc the Slasher (level 6, -4/56 HPs)
             Began as a Palentonga Fighter on Oct 18, 2020.
             Slain by an ogre
             ... wielding a +0 giant spiked club
              (25 damage)
             ... on level 4 of the Dungeon.
             The game lasted 00:04:18 (2260 turns).

Lanoc the Slasher (Palentonga Fighter)              Turns: 2260, Time: 00:04:18

Health: -4/56      AC: 11    Str: 20    XL:     6   Next: 82%
Magic:  6/6        EV:  5    Int:  8    God:
Gold:   182        SH:  8    Dex: 11    Spells: 5/5 levels left

rFire    . . .     SeeInvis +   l - +1 falchion (distort)
rCold    . . .     Faith    .   c - +0 kite shield
rNeg     . . .     Spirit   .   b - +0 scale mail
rPois    .         Reflect  .   i - +2 helmet
rElec    .         Harm     .   e - +0 cloak
rCorr    +         Rampage  .   (no gloves)
MR       .....                  (no barding)
Stlth    ..........             (no amulet)
HPRegen  0.18/turn              j - ring of resist corrosion
MPRegen  0.10/turn              a - ring of attention (curse)

@: no status effects
A: large, rugged brown scales 3, see invisible, deformed body, roll, armoured
tail
a: Rolling Charge


You were on level 4 of the Dungeon.
You visited 1 branch of the dungeon, and saw 4 of its levels.
You visited the Abyss 1 time.

You collected 182 gold pieces.

Inventory:

Hand Weapons
 l - a +1 falchion of distortion (weapon)
Armour
 b - a +0 scale mail (worn)
 c - a +0 kite shield (worn)
 e - a +0 cloak (worn)
 i - a +2 helmet (worn)
Jewellery
 a - a cursed ring of attention (right hand)
 j - a ring of resist corrosion (left hand)
Wands
 g - a wand of acid (11)
Scrolls
 k - 2 scrolls of magic mapping
 m - a scroll of identify
 o - a scroll of teleportation
 q - a scroll of amnesia {unknown}
Potions
 d - a potion of might
 f - a potion of resistance
 h - 2 potions of degeneration {unknown}
 n - 2 potions of brilliance {unknown}
 p - a potion of invisibility {unknown}
 r - a potion of mutation {unknown}
 s - a potion of heal wounds {unknown}


   Skills:
 + Level 4.6 Fighting
 * Level 5.4 Long Blades
 + Level 3.8 Armour
 - Level 2.4 Shields


You had 5 spell levels left.
You didn't know any spells.
Your spell library contained the following spells:

 Spells                   Type           Power        Failure   Level
 Summon Small Mammal      Summ           #...         99%         1
 Call Imp                 Summ           #.......     100%        2
 Call Canine Familiar     Summ           #.......     100%        3
 Summon Guardian Golem    Hex/Summ       #.......     100%        3
 Summon Ice Beast         Ice/Summ       #.......     100%        4
 Summon Lightning Spire   Summ/Air       #.......     100%        4


Dungeon Overview and Level Annotations

Branches:
Dungeon (4/15)
 Temple: D:4-7

Altars:
Cheibriados
Nemelex Xobeh
Vehumet
Yredelemnul


Innate Abilities, Weirdness & Mutations

You are completely covered in rugged brown scales. (AC +3, +7% HP)
You have supernaturally acute eyesight. (SInv)
Armour fits poorly on your strangely shaped body.
You can roll at foes to attack.
You have a long armoured tail.


Message History

Roll where?
Press: ? - help, Dir - move target cursor, f - ogre
Aim: an ogre, wielding a +0 giant spiked club You roll forward with a clatter of scales!
You hit the ogre but do no damage.
Space bends around the ogre.
You tail-slap the ogre!
The ogre is heavily wounded.
You hear an angry hiss.
The ogre hits you with a +0 giant spiked club!!
Found a stone staircase leading up.
You hit the ogre.
Space bends around the ogre.
The ogre is almost dead.
The ogre hits you with a +0 giant spiked club!
A frilled lizard comes into view.
You are too injured to fight recklessly!
You are too injured to fight recklessly!
You barely miss the ogre.
Your tail-slap misses the ogre.
The ogre is almost dead.
The ogre hits you with a +0 giant spiked club!!
You die...

#.......#####...
##.....## ##.)
#....## #..
#########...##
#.. #...........#
#.. ............#
##. ##........#
#. ##.......## #.
#.@......#
#.O.......#
#...o......>.#
<................
.................
..........#####..
.........##
....l...## .. ...


You could see an ogre, an orc and a frilled lizard.

Vanquished Creatures
  A scorpion (D:4)
  A hound (D:4)
  Ijyb (D:3)
  2 worker ants
  2 hound skeletons (D:4)
  6 adders
  An adder skeleton (D:4)
  A worm (D:3)
  2 dart slugs
  10 orcs
  3 giant cockroaches
  5 goblins
  9 hobgoblins
  6 jackals
  A quokka (D:4)
  3 ball pythons
  6 bats
  5 frilled lizards
  4 kobolds
  A leopard gecko skeleton (D:4)
  5 rats
75 creatures vanquished.

Notes
Turn   | Place    | Note
-------+----------+-------------------------------------------
     0 | D:1      | Lanoc the Palentonga Fighter began the quest for the Orb.
     0 | D:1      | Reached XP level 1. HP: 20/20 MP: 1/1
    57 | D:1      | Reached XP level 2. HP: 27/27 MP: 2/2
   427 | D:2      | Reached skill level 3 in Long Blades
   427 | D:2      | Reached XP level 3. HP: 19/33 MP: 3/3
   458 | D:2      | Found a sparkling altar of Nemelex Xobeh.
   459 | D:2      | Found a radiant altar of Vehumet.
   931 | D:3      | Reached XP level 4. HP: 40/40 MP: 4/4
   932 | D:3      | Found a snail-covered altar of Cheibriados.
  1004 | D:3      | Noticed Ijyb
  1016 | D:3      | Killed Ijyb
  1050 | D:3      | Cast into level 1 of the Abyss (orc)
  1104 | Abyss:1  | Noticed an ancient zyme
  1105 | Abyss:1  | Noticed an orange demon
  1107 | Abyss:1  | Noticed a smoke demon
  1108 | Abyss:1  | Noticed a chaos spawn
  1128 | D:3      | Escaped the Abyss
  1382 | D:3      | Reached skill level 4 in Long Blades
  1382 | D:3      | Reached XP level 5. HP: 49/49 MP: 5/5
  1811 | D:3      | Found a basalt altar of Yredelemnul.
  1846 | D:4      | Noticed a phantom
  1875 | D:4      | Banished a phantom
  1875 | D:4      | Reached XP level 6. HP: 42/55 MP: 6/6
  1984 | D:4      | Reached skill level 5 in Long Blades
  2260 | D:4      | Slain by an ogre

Illustrated notes

Levels and vault maps discovered:
D:1:      psy_arrival_dodecagon, layout_basic
D:2:      layout_rooms, gammafunk_temple_overflow_pools
D:3:      layout_basic, lemuel_doored_altar, kennysheep_slug_shrine,
          hangedman_decor_opposing, uniq_ijyb
D:4:      layout_layer_cave, serial_shops, shop_fountains

Skill      XL: |  1  2  3  4  5  6 |
---------------+-------------------+-----
Long Blades    | 3 4 5 |  5.4
Armour         | 3 |  3.8
Fighting       | 4 |  4.6
Shields        | |  2.4

Action                   |  1- 3 |  4- 6 || total
-------------------------+-------+-------++-------
Melee: Long sword        |    80 |    59 ||   139
       Tailslap          |     7 |    17 ||    24
       Falchion          |       |    78 ||    78
 Abil: Rolling Charge    |    14 |    17 ||    31
  Use: Scroll            |       |     4 ||     4
Armor: Scale mail        |    48 |    87 ||   135
Dodge: Dodged            |    23 |    30 ||    53
Block: Kite shield       |    32 |    64 ||    96
       Rpst.: Long sword |     8 |     2 ||    10
       Falchion          |       |     8 ||     8

Table legend: (Time is in decaauts)
 A = Elapsed time spent in this place.
 B = Non-inter-level travel time spent in this place.
 C = Inter-level travel time spent in this place.
 D = Time resting spent in this place.
 E = Time spent auto-exploring this place.
 F = Levels seen in this place.
 G = Mean time per level.
                   A        B        C        D        E       F      G
               +--------+--------+--------+--------+--------+-----+--------+
         Total |   2313 |   2287 |     26 |    196 |   1585 |   5 |  462.6 |
       Dungeon |   2235 |   2209 |     26 |    143 |   1585 |   4 |  558.8 |
         Abyss |     77 |     77 |      0 |     53 |      0 |   1 |   77.0 |
               +--------+--------+--------+--------+--------+-----+--------+

Top non-repeatable levels by time:
     D:3: 895 daAuts
     D:2: 658 daAuts
     D:4: 431 daAuts
     D:1: 249 daAuts
 Abyss:1: 77 daAuts
